 Dungeon Crawl Stone Soup version 0.30-a0-52-g86a8295270 (webtiles) character file.

Game seed: 6568539613771492088

43 jlumianski the Chopper (level 3, 0/27 HPs)
             Began as a Demonspawn Gladiator on Sept 6, 2022.
             Slain by Sigmund
             ... wielding a +0 scythe
              (4 damage)
             ... on level 2 of the Dungeon.
             The game lasted 00:04:18 (1626 turns).

jlumianski the Chopper (Demonspawn Gladiator)       Turns: 1626, Time: 00:04:19

Health: 0/27       AC:  4    Str: 16    XL:     3   Next: 37%
Magic:  3/3        EV: 12    Int:  9    God:
Gold:   57         SH:  3    Dex: 14    Spells: 2/2 levels left

rFire   . . .      SeeInvis .    a - +0 war axe
rCold   . . .      Faith    .    k - +0 buckler
rNeg    . . .      Spirit   .    b - +0 leather armour
rPois   .          Reflect  .    c - +0 helmet
rElec   .          Harm     .    (no cloak)
rCorr   .          Rampage  .    (no gloves)
Will    .....                    (no boots)
Stlth   +.........               (no amulet)
HPRegen 0.09/turn                (no ring)
MPRegen 0.08/turn                (no ring)

@: no status effects
A: sturdy frame 1
a: no special abilities


You were on level 2 of the Dungeon.
You visited 1 branch of the dungeon, and saw 3 of its levels.

You collected 57 gold pieces.

Inventory:

Hand Weapons
 a - a +0 war axe (weapon)
 h - a +4 dagger
 l - a +2 dagger of draining
Missiles
 d - 3 throwing nets (quivered)
 e - a javelin
 g - 18 stones
Armour
 b - a +0 leather armour (worn)
 c - a +0 helmet (worn)
 k - a +0 buckler (worn)
 r - a +0 scale mail
Scrolls
 f - 2 scrolls of vulnerability {unknown}
 j - 2 scrolls of identify {unknown}
 n - a scroll of enchant armour {unknown}
Potions
 i - a potion of curing {unknown}
 m - a potion of degeneration {unknown}
 o - a potion of ambrosia {unknown}
 p - a potion of heal wounds {unknown}
 q - a potion of might {unknown}


   Skills:
 + Level 2.2 Fighting
 + Level 3.2 Axes
 + Level 2.0 Throwing
 + Level 0.4 Armour
 + Level 3.1 Dodging
 + Level 0.4 Stealth
 + Level 0.2 Shields


You had 2 spell levels left.
You didn't know any spells.
Your spell library contained the following spells:

 Spells                   Type           Power      Damage    Failure   Level
 Gell's Gravitas          Tloc           0%         N/A       86%         3
 Lesser Beckoning         Tloc           0%         N/A       86%         3
 Teleport Other           Tloc           0%         N/A       86%         3
 Summon Lightning Spire   Summ/Air       0%         N/A       99%         4
 Storm Form               Tmut/Air       0%         N/A       100%        7
 Maxwell's Capacitive Co  Air            0%         ∞         100%        8


Dungeon Overview and Level Annotations

Branches:
Dungeon (3/15)

Altars:

Annotations:
D:2 Sigmund


Innate Abilities, Weirdness & Mutations

Your movements are slightly less encumbered by armour. (ER -2)


Message History

You climb downwards.
There is a stone staircase leading up here.
You climb upwards.
Level annotation: Sigmund
There is a stone staircase leading down here.
A giant cockroach comes into view.
You closely miss the giant cockroach. The giant cockroach bites you.
You closely miss the giant cockroach. The giant cockroach bites you.
The giant cockroach bites you but does no damage.
You hit the giant cockroach.
You kill the giant cockroach!
HP restored.
j - 2 scrolls labelled VUMURI XEJE (gained 1)
A dart slug is nearby!
The dart slug launches a dart at you. The slug dart misses you.
You slash the dart slug!
You kill the dart slug!
Sigmund shouts!
Sigmund gestures at you while chanting. You resist with significant effort.
You see here a scroll labelled ILAQOUR SUXZUH.
Sigmund points at you and mumbles some strange words.
You are confused.
You miss Sigmund. Sigmund hits you with a +0 scythe!
You miss Sigmund.
Sigmund mumbles some strange words.
Sigmund flickers and vanishes!
Deactivating autopickup; reactivate with Ctrl-A.
You bump into the rock wall.
Something hits you!
* * * LOW HITPOINT WARNING * * *
You bump into the rock wall.
You hear some strange, mumbled words.
Something tries to affect you, but you resist.
You completely miss something.
You feel less confused. Something hits you.
* * * LOW HITPOINT WARNING * * *
You miss something. Something hits you.
You die...

##.## #.####.#.###.### ....#
#.#.............
##..#####.#.##.#.###.###
..........#.##.#........
##..#####.#....#.#.#.### ##..#
#.#......#.# # ##..#
#....#.#.#.#.###
##..#####....#.#........#########
...............?@{.........>.....
.#.............#...######.#######
.#...............................
....##.####....#.#.#.#.#.#######.
.#.............#.#...#.#.#######.
...............#.#.#.#.........#.
....##.#####...#.#.#.#.........#.
..[..#.#####...................#.
.......................#.......#.


There were no monsters in sight!

Vanquished Creatures
  2 adders (D:2)
  A worm (D:2)
  A dart slug (D:2)
  3 bats (D:2)
  An endoplasm (D:1)
  A giant cockroach (D:2)
  2 jackals (D:1)
  2 quokkas
  A ball python (D:2)
  2 frilled lizards
  2 goblins
  A kobold (D:1)
  3 rats
22 creatures vanquished.

Notes
Turn   | Place    | Note
-------+----------+-------------------------------------------
     0 | D:1      | jlumianski the Demonspawn Gladiator began the quest for the
                  | Orb.
     0 | D:1      | Reached XP level 1. HP: 16/16 MP: 1/1
   660 | D:2      | Gained mutation: Your movements are slightly less
                  | encumbered by armour. (ER -2) [demonic ancestry]
   660 | D:2      | Reached XP level 2. HP: 21/22 MP: 2/2
  1136 | D:2      | Reached XP level 3. HP: 27/27 MP: 3/3
  1340 | D:2      | Noticed Sigmund
  1626 | D:2      | Slain by Sigmund

Illustrated notes

Levels and vault maps discovered:
D:1:      minmay_arrival_four_loops, layout_loops_corners
D:2:      layout_basic, basic_ecumenical_altar, uniq_sigmund
D:3:      layout_loops_ring, grunt_temple_overflow_open,
          uniq_crazy_yiuf_cottage, uniq_ijyb

Skill      XL: |  1  2 |
---------------+-------+-----
Throwing       | 2 |  2.0
Dodging        | 3 |  3.1
Axes           | 3 |  3.2
Fighting       | |  2.2
Armour         | |  0.4
Stealth        | |  0.4
Shields        | |  0.2

Action                   || total
-------------------------++-------
Melee: War axe           ||    69
 Stab: Sleeping          ||     1
Armor: Leather armour    ||    21
Dodge: Dodged            ||    50
Block: Buckler           ||     7

Table legend: (Time is in decaauts)
 A = Elapsed time spent in this place.
 B = Non-inter-level travel time spent in this place.
 C = Inter-level travel time spent in this place.
 D = Time resting spent in this place.
 E = Time spent auto-exploring this place.
 F = Levels seen in this place.
 G = Mean time per level.
                   A        B        C        D        E       F      G
               +--------+--------+--------+--------+--------+-----+--------+
         Total |   1654 |   1654 |      0 |      0 |   1096 |   3 |  551.3 |
       Dungeon |   1654 |   1654 |      0 |      0 |   1096 |   3 |  551.3 |
               +--------+--------+--------+--------+--------+-----+--------+

Top non-repeatable levels by time:
     D:2: 1040 daAuts
     D:1: 590 daAuts
     D:3: 24 daAuts
